[Event "Titled Tuesday Blitz July 11 Early 2023"]
[White "Fiorito, Joaquin"]
[Black "Garagulya, Konstantin"]
[WhiteFideId "180173"]
[BlackFideId "4128931"]
[WhiteElo "2637"]
[BlackElo "2443"]
[Result "0-1"]
[Round "4"]
[TimeControl "180+2"]
[Date "2023.07.11"]
[WhiteClock "0:01:02"]
[BlackClock "0:00:38"]
[Board "81"]

1. d4 Nf6 2. c4 e6 3. Nc3 d5 4. cxd5 exd5 5. Bg5 Be7 6. e3 b6 7. Bd3 Bb7 8. Nf3 O-O 9. O-O c5 10. Rc1 Nbd7 11. b3 a6 12. Bb1 Rc8 13. Qe2 Ne4 14. Bxe7 Qxe7 15. dxc5 Nxc3 16. Rxc3 bxc5 17. Qd2 Rfd8 18. Rfc1 Nf6 19. Bf5 Rc7 20. Qc2 g6 21. Bd3 Rdc8 22. Be2 Ne4 23. Rd3 c4 24. Rdd1 cxb3 25. Qb1 bxa2 26. Qa1 Rxc1 27. Rxc1 Rxc1+ 28. Qxc1 Qb4 29. Bd3 Nc3 30. Nd2 d4 31. e4 a5 32. h4 a4 33. h5 a3 34. Nc4 Bxe4 35. Qg5 a1=Q+ 36. Kh2 Qb8+ 37. Ne5 Bxd3 38. Qf4 Bf5 39. h6 Ne2 0-1


[Site "https://www.chess.com"]

[Event "Titled Tuesday Blitz July 11 Early 2023"]
[White "Djokic, Mihailo"]
[Black "arenal72"]
[WhiteFideId "976440"]
[WhiteElo "2630"]
[BlackElo "2432"]
[Result "1-0"]
[Round "4"]
[TimeControl "180+2"]
[Date "2023.07.11"]
[WhiteClock "0:00:04"]
[BlackClock "0:00:00"]
[Board "82"]

1. e4 Nc6 2. Nc3 e5 3. Nf3 d6 4. d4 exd4 5. Nxd4 Nf6 6. Bb5 Bd7 7. Bxc6 bxc6 8. Qf3 Be7 9. e5 dxe5 10. Nxc6 Bxc6 11. Qxc6+ Nd7 12. Be3 O-O 13. O-O-O Bd6 14. Ne4 Nf6 15. Bg5 Rb8 16. Nxd6 cxd6 17. Rxd6 Qa5 18. Bxf6 Qxa2 19. Bxe5 Qa1+ 20. Kd2 Qxh1 21. Rd3 Rbe8 22. Qd5 Qf1 23. f4 Qf2+ 24. Kc1 Rc8 25. Rd2 Qe1+ 26. Rd1 Qe3+ 27. Kb1 h6 28. g3 Kh7 29. Qa5 Qe2 30. Qd2 Qxd2 31. Rxd2 f6 32. Bd4 Rcd8 33. c3 Rfe8 34. Kc2 a6 35. b4 Re1 36. Kd3 Kg6 37. Ra2 Re6 38. g4 f5 39. Rg2 Re7 40. gxf5+ Kxf5 41. Kc4 g6 42. Bc5 Re4+ 43. Kb3 Rxf4 44. Ra2 Rd3 45. Rxa6 Rff3 46. Kc4 Rxc3+ 47. Kd5 Rfd3+ 48. Kc6 g5 49. Ra2 h5 50. b5 g4 51. b6 Rd1 52. Rb2 Rdc1 53. Rb5 h4 54. b7 g3 55. b8=Q g2 56. Qf8+ Kg4 57. Qg7+ Kh3 58. Qd7+ Kxh2 59. Rb2 Rxc5+ 60. Kb6 Rd1 61. Qf7 Rcd5 62. Qf4+ Kh1 63. Qxh4+ 1-0


[Site "https://www.chess.com"]

[Event "Titled Tuesday Blitz July 11 Early 2023"]
[White "Yurasova, Daria"]
[Black "Stepanencu, Nicodim-Cosmin"]
[WhiteFideId "34146919"]
[BlackFideId "1256220"]
[WhiteElo "2430"]
[BlackElo "2630"]
[Result "0-1"]
[Round "4"]
[TimeControl "180+2"]
[Date "2023.07.11"]
[WhiteClock "0:00:06"]
[BlackClock "0:00:57"]
[Board "83"]

1. d4 b5 2. Nf3 Bb7 3. e3 a6 4. Be2 Nf6 5. O-O e6 6. Nbd2 Be7 7. c4 bxc4 8. Nxc4 O-O 9. b3 a5 10. Bb2 c5 11. Rc1 d5 12. Nce5 Nbd7 13. Bb5 Rc8 14. Nxd7 Nxd7 15. Bxd7 Qxd7 16. Ne5 Qb5 17. Qg4 c4 18. Qe2 Ba6 19. bxc4 dxc4 20. Bc3 Bb4 21. Qg4 Qa4 22. Ba1 c3 23. Rfe1 Qxa2 24. Nd7 Rfd8 25. Nf6+ Kh8 26. Nh5 Rg8 27. Qg3 Qd5 28. Nf4 Qe4 29. f3 Qb7 30. e4 Qb6 31. Qf2 e5 32. Nd5 Qxd4 33. Qxd4 exd4 34. Ne7 Bxe7 0-1


[Site "https://www.chess.com"]

[Event "Titled Tuesday Blitz July 11 Early 2023"]
[White "Wadsworth, Matthew J"]
[Black "Melikhov, Evgeny V."]
[WhiteFideId "415804"]
[BlackFideId "4122046"]
[WhiteElo "2626"]
[BlackElo "2427"]
[Result "1/2-1/2"]
[Round "4"]
[TimeControl "180+2"]
[Date "2023.07.11"]
[WhiteClock "0:00:05"]
[BlackClock "0:00:20"]
[Board "84"]

1. Nf3 f5 2. g3 Nf6 3. Bg2 g6 4. O-O Bg7 5. d3 O-O 6. e4 d6 7. e5 dxe5 8. Nxe5 Nfd7 9. Nxd7 Nxd7 10. d4 e5 11. dxe5 Nxe5 12. Qxd8 Rxd8 13. Nc3 c6 14. Bg5 Re8 15. Rfe1 Be6 16. Rad1 Nc4 17. Bc1 Bxc3 18. bxc3 Bd5 19. Bxd5+ cxd5 20. Be3 Nxe3 21. Rxe3 Rxe3 22. fxe3 Rc8 23. Rxd5 Rxc3 24. Rd8+ Kf7 25. Rd7+ Kf6 26. Rxb7 Rxc2 27. Rxa7 Kg5 28. Ra4 Re2 29. h4+ Kh5 30. e4 f4 31. gxf4 Kxh4 32. e5 Kg3 33. Kf1 Re3 34. Rb4 Kg4 35. a4 Kf5 36. Kf2 Ra3 37. Ke2 g5 38. fxg5 Kxe5 39. Kd2 Kf5 40. Rb5+ Kg6 41. a5 h6 42. gxh6 Kxh6 43. Kc2 Kg6 44. Kb2 Ra4 45. Kb3 Ra1 46. Re5 Kf6 47. Rh5 Ke6 48. Kb4 Kd7 49. Kb5 Rb1+ 50. Ka6 Kc7 51. Ka7 Kc8 52. a6 Rc1 53. Rb5 Kc7 54. Rb7+ Kc8 55. Kb6 Rb1+ 56. Ka7 Rc1 57. Rb2 Kc7 58. Ka8 Kc8 59. a7 Kc7 60. Rh2 Rb1 61. Rc2+ Kd8 62. Rc4 Kd7 63. Rh4 Kc7 64. Rh8 Rb2 65. Rb8 Rc2 66. Rb7+ Kc8 67. Rh7 Rb2 68. Rg7 Rb1 69. Rg2 Rb3 70. Rc2+ Kd7 71. Rc1 Rb2 72. Rc3 Rb1 73. Rf3 Kc8 74. Rf8+ Kc7 75. Rf7+ Kc8 76. Rf8+ Kc7 77. Rf7+ Kc8 78. Rf8+ 1/2-1/2


[Site "https://www.chess.com"]

[Event "Titled Tuesday Blitz July 11 Early 2023"]
[White "Niekras, Dawid"]
[Black "Tanmay Jain"]
[WhiteFideId "1160451"]
[BlackFideId "45015481"]
[WhiteElo "2622"]
[BlackElo "2422"]
[Result "1/2-1/2"]
[Round "4"]
[TimeControl "180+2"]
[Date "2023.07.11"]
[WhiteClock "0:00:06"]
[BlackClock "0:00:17"]
[Board "85"]

1. e4 c5 2. Nf3 d6 3. Nc3 Nf6 4. e5 dxe5 5. Nxe5 g6 6. Bc4 e6 7. Bb5+ Nbd7 8. d4 a6 9. Bxd7+ Nxd7 10. Qf3 Qf6 11. Qxf6 Nxf6 12. Bg5 Nd7 13. Nxd7 Bxd7 14. Ne4 cxd4 15. O-O-O Bg7 16. Nf6+ Ke7 17. Rxd4 Bc6 18. Nh5+ Kf8 19. Nxg7 Kxg7 20. f3 f6 21. Be3 e5 22. Rd6 Rhd8 23. Rhd1 Rxd6 24. Rxd6 Kf7 25. c4 Re8 26. Kd2 Re6 27. Rd8 Re7 28. b3 Rd7+ 29. Rxd7+ Bxd7 30. Kc3 Ke6 31. b4 Bc6 32. a3 b5 33. cxb5 axb5 34. Bc5 Kd5 35. Kd3 f5 36. Ke3 Ke6 37. Bf8 Bd5 38. Bc5 Bc4 39. g3 Kd5 40. f4 e4 41. Bf8 Bf1 42. Bc5 Kc4 43. Bf8 Kb3 44. Bc5 Kxa3 45. Kd2 Kb3 46. h4 Kc4 47. Ke3 Bd3 48. Kd2 h5 49. Bf8 Kd5 50. Bc5 Bc4 51. Ke3 Bd3 52. Kd2 Kc4 53. Ke3 Kb3 54. Kd2 Kc4 1/2-1/2


[Site "https://www.chess.com"]

[Event "Titled Tuesday Blitz July 11 Early 2023"]
[White "Ezat, Mohamed"]
[Black "Topalov, Aleksandar"]
[WhiteFideId "10600906"]
[BlackFideId "925659"]
[WhiteElo "2618"]
[BlackElo "2411"]
[Result "1-0"]
[Round "4"]
[TimeControl "180+2"]
[Date "2023.07.11"]
[WhiteClock "0:01:40"]
[BlackClock "0:00:24"]
[Board "86"]

1. d4 Nf6 2. c4 c5 3. d5 d6 4. Nc3 g6 5. e4 Bg7 6. Be2 O-O 7. Bg5 e6 8. Qd2 exd5 9. exd5 Re8 10. Nf3 a6 11. O-O Nbd7 12. a4 Ne5 13. Nxe5 Rxe5 14. Rae1 Qf8 15. Bd3 Nd7 16. f4 Rxe1 17. Rxe1 Bf6 18. h4 h6 19. Bxf6 Nxf6 20. f5 Kg7 21. Qf4 Bd7 22. fxg6 fxg6 23. Qg3 Qf7 24. Bxg6 Nh5 25. Bxh5+ 1-0


[Site "https://www.chess.com"]

[Event "Titled Tuesday Blitz July 11 Early 2023"]
[White "Rakitic2010"]
[Black "Mogirzan, Matei-Valeriu"]
[BlackFideId "1257455"]
[WhiteElo "2401"]
[BlackElo "2607"]
[Result "1-0"]
[Round "4"]
[TimeControl "180+2"]
[Date "2023.07.11"]
[WhiteClock "0:01:13"]
[BlackClock "0:00:00"]
[Board "87"]

1. e4 e5 2. Nf3 Nf6 3. Nxe5 Nc6 4. Nxc6 dxc6 5. Nc3 Bc5 6. Be2 h5 7. d3 b5 8. Be3 Bxe3 9. fxe3 b4 10. Na4 Ng4 11. Bxg4 hxg4 12. g3 f5 13. exf5 Bxf5 14. O-O Qg5 15. Qd2 O-O-O 16. Rae1 a5 17. a3 Qh5 18. axb4 axb4 19. Re2 Be4 20. Qxb4 Bf3 21. Nc5 Rd5 22. Qb7+ Kd8 23. Qb8+ Ke7 24. Qxc7+ Kf6 25. Qxc6+ Ke7 26. Qc7+ Kf8 27. Ne6+ Ke8 28. Nxg7+ Kf8 29. Nxh5 Rdxh5 30. Ref2 Rh3 31. Rxf3+ gxf3 32. Rxf3+ 1-0


[Site "https://www.chess.com"]

[Event "Titled Tuesday Blitz July 11 Early 2023"]
[White "Nefedov, Sergey"]
[Black "TomLiu777"]
[WhiteFideId "24113417"]
[WhiteElo "2606"]
[BlackElo "2371"]
[Result "1-0"]
[Round "4"]
[TimeControl "180+2"]
[Date "2023.07.11"]
[WhiteClock "0:00:43"]
[BlackClock "0:00:00"]
[Board "88"]

1. d4 Nf6 2. Nf3 c5 3. c3 e6 4. Bf4 d5 5. e3 Nc6 6. Nbd2 Qb6 7. Qb3 c4 8. Qc2 Be7 9. h3 Bd7 10. Be2 h6 11. O-O g5 12. Bh2 g4 13. hxg4 Nxg4 14. Bf4 f5 15. b3 cxb3 16. axb3 Rg8 17. c4 Nb4 18. Qc3 Rc8 19. c5 Bxc5 20. dxc5 Rxc5 21. Qb2 Bb5 22. Bxb5+ Rxb5 23. Nd4 Rc5 24. N2f3 Nd3 25. Qd2 Nxf4 26. exf4 Nf6 27. Qe2 Ne4 28. Ne5 Rc7 29. Qh5+ Kd8 30. Rad1 Rcg7 31. g3 Nxg3 32. fxg3 Rxg3+ 33. Kh1 Kc8 34. Rc1+ Kb8 35. Nd7+ 1-0


[Site "https://www.chess.com"]

[Event "Titled Tuesday Blitz July 11 Early 2023"]
[White "Ovchinnikov, Vsevolod"]
[Black "Bashirli, Saadat"]
[WhiteFideId "24176842"]
[BlackFideId "13429990"]
[WhiteElo "2606"]
[BlackElo "2369"]
[Result "1-0"]
[Round "4"]
[TimeControl "180+2"]
[Date "2023.07.11"]
[WhiteClock "0:00:09"]
[BlackClock "0:00:04"]
[Board "89"]

1. d4 Nf6 2. c4 e6 3. g3 Bb4+ 4. Bd2 Bxd2+ 5. Nxd2 O-O 6. Bg2 c5 7. d5 d6 8. e4 e5 9. Ne2 a6 10. a4 Bd7 11. a5 b5 12. axb6 Qxb6 13. Qc2 a5 14. O-O Na6 15. h3 Rfb8 16. Rfb1 Nb4 17. Qc3 a4 18. f4 exf4 19. gxf4 Re8 20. Ng3 Qc7 21. Re1 Kf8 22. e5 Ng8 23. Nde4 dxe5 24. d6 Qa5 25. fxe5 Nc6 26. Ng5 Nh6 27. e6 Qxc3 28. e7+ Kg8 29. bxc3 a3 30. Bd5 Ra6 31. N3e4 Ra5 32. Nxf7 Nxf7 33. Ng5 Raa8 34. Nxf7 Nb4 35. cxb4 Ra4 36. Ne5+ Kh8 37. bxc5 Rb4 38. Nxd7 Rbb8 39. Nxb8 Rxb8 40. e8=Q+ Rxe8 41. Rxe8# 1-0


[Site "https://www.chess.com"]

[Event "Titled Tuesday Blitz July 11 Early 2023"]
[White "Sadykov, Ramil"]
[Black "Rodriguez Santiago, Jaime"]
[WhiteFideId "24113590"]
[BlackFideId "3100898"]
[WhiteElo "2602"]
[BlackElo "2362"]
[Result "1-0"]
[Round "4"]
[TimeControl "180+2"]
[Date "2023.07.11"]
[WhiteClock "0:00:33"]
[BlackClock "0:00:03"]
[Board "90"]

1. e4 c6 2. d4 d5 3. exd5 cxd5 4. Bd3 Nc6 5. c3 Qc7 6. Na3 a6 7. Nf3 Bg4 8. Nc2 Nf6 9. h3 Bh5 10. O-O e6 11. Re1 Bd6 12. Bg5 O-O-O 13. b4 h6 14. Bxf6 gxf6 15. a4 Ne7 16. b5 a5 17. b6 Qxc3 18. Bb5 Kb8 19. Re3 Qc8 20. Qd2 Nc6 21. Bxc6 Qxc6 22. Qxa5 Qxc2 23. Rc3 Qxc3 24. Qxc3 Rhg8 25. Kf1 Rc8 26. Qa5 Rc2 27. Ne1 Be2+ 28. Kg1 Rb2 29. Qa7+ Kc8 30. Rc1+ Bc4 31. Nd3 Bb8 32. Qa5 Rd2 33. Qxd2 1-0


[Site "https://www.chess.com"]

[Event "Titled Tuesday Blitz July 11 Early 2023"]
[White "Krallis, Christos"]
[Black "Andreassen, Lars"]
[WhiteFideId "4298896"]
[BlackFideId "1504878"]
[WhiteElo "2599"]
[BlackElo "2328"]
[Result "0-1"]
[Round "4"]
[TimeControl "180+2"]
[Date "2023.07.11"]
[WhiteClock "0:00:05"]
[BlackClock "0:00:05"]
[Board "91"]

1. Nf3 d5 2. e3 g6 3. c4 Bg7 4. cxd5 Qxd5 5. Nc3 Qa5 6. a3 c5 7. Bc4 e6 8. O-O Ne7 9. Rb1 Nbc6 10. d4 cxd4 11. b4 Qd8 12. Nb5 e5 13. exd4 exd4 14. Bf4 O-O 15. Nd6 Be6 16. Nxb7 Qc8 17. Nd6 Qd7 18. Qb3 Bxc4 19. Nxc4 Nd5 20. Bg3 Nc3 21. Rbe1 a5 22. b5 a4 23. bxc6 Qxc6 24. Qb4 Na2 25. Qb1 Qxc4 26. Be5 Nc3 27. Qc2 Rfe8 28. Bxg7 Kxg7 29. Kh1 Rxe1 30. Rxe1 d3 31. Qd2 Ne4 32. Qe3 f5 33. Nd2 Nxd2 34. Qxd2 Ra7 35. h3 Rd7 36. Rd1 Qd5 37. Rc1 Qd4 38. Rd1 h6 39. Kg1 Qd6 40. Kh1 Qxa3 41. Re1 Qd6 42. Kg1 a3 43. Ra1 Qc5 44. Rd1 Qc4 45. Qa5 d2 46. Qe5+ Kh7 47. Qe8 Qd5 48. h4 h5 49. Kh2 a2 50. g3 Qd4 51. Kg2 Qd5+ 52. Kh2 Qd4 53. Kg2 Qe4+ 54. Kh2 Qxe8 55. Ra1 Qe2 56. Rxa2 Qxf2+ 57. Kh3 Qf1+ 58. Kh2 d1=Q 59. g4 Qh1+ 60. Kg3 Qdg1+ 61. Kf4 Rd4+ 62. Kg5 Qc1+ 63. Kf6 Qhc6+ 64. Kf7 Rd7+ 65. Kf8 Qc8# 0-1


[Site "https://www.chess.com"]

[Event "Titled Tuesday Blitz July 11 Early 2023"]
[White "Zavgorodniy, Sergiy"]
[Black "Lopez Idarraga, Daniel Eduardo"]
[WhiteFideId "14110148"]
[BlackFideId "4405501"]
[WhiteElo "2598"]
[BlackElo "2327"]
[Result "0-1"]
[Round "4"]
[TimeControl "180+2"]
[Date "2023.07.11"]
[WhiteClock "0:00:13"]
[BlackClock "0:00:40"]
[Board "92"]

1. e4 c5 2. Nf3 Nc6 3. Bb5 g6 4. O-O Bg7 5. c3 Nf6 6. Re1 O-O 7. h3 d5 8. e5 Ne8 9. d4 c4 10. Nbd2 Nc7 11. Bxc6 bxc6 12. Nf1 Bf5 13. Ng3 Bd3 14. Nh2 Rb8 15. Ng4 c5 16. Bh6 cxd4 17. Bxg7 Kxg7 18. Qc1 dxc3 19. Qh6+ Kg8 20. bxc3 Ne6 21. f4 d4 22. f5 gxf5 23. Nf6+ exf6 24. exf6 Rb7 25. Rf1 Kh8 26. Rf4 Rg8 27. Rh4 f4 0-1


[Site "https://www.chess.com"]

[Event "Titled Tuesday Blitz July 11 Early 2023"]
[White "Al-Tarboush, Ward"]
[Black "Vifleemskaia, Svetlana"]
[WhiteFideId "7601450"]
[BlackFideId "4129490"]
[WhiteElo "2597"]
[BlackElo "2323"]
[Result "1-0"]
[Round "4"]
[TimeControl "180+2"]
[Date "2023.07.11"]
[WhiteClock "0:01:48"]
[BlackClock "0:00:00"]
[Board "93"]

1. e4 e5 2. Nf3 Nc6 3. Bb5 a6 4. Ba4 Nf6 5. O-O Be7 6. d3 b5 7. Bb3 d6 8. a3 O-O 9. Nc3 Na5 10. Ba2 c5 11. Nd5 Be6 12. b4 Nc6 13. Nxf6+ Bxf6 14. Bxe6 fxe6 15. bxc5 dxc5 16. Be3 Be7 17. c4 b4 18. Qa4 Qc7 19. Nd2 Rfd8 20. Nb3 Nd4 21. Bxd4 exd4 22. axb4 cxb4 23. f4 e5 24. f5 Rdb8 25. Qa5 Qc6 26. Qd5+ Qxd5 27. exd5 Bd8 28. Ra4 a5 29. Kf2 Kf7 30. Kf3 Bc7 31. Ke4 Kf6 32. g4 h6 33. h4 Ra6 34. Rfa1 Rba8 35. Nc5 R6a7 36. Ne6 b3 37. g5+ Ke7 38. Rb1 Rb7 39. Nxc7 Rxc7 40. Rxb3 hxg5 41. hxg5 Rca7 42. Kxe5 1-0


[Site "https://www.chess.com"]

[Event "Titled Tuesday Blitz July 11 Early 2023"]
[White "Garrido, Denis"]
[Black "Piesik, Piotr"]
[WhiteFideId "601217"]
[BlackFideId "1136194"]
[WhiteElo "2315"]
[BlackElo "2596"]
[Result "0-1"]
[Round "4"]
[TimeControl "180+2"]
[Date "2023.07.11"]
[WhiteClock "0:01:29"]
[BlackClock "0:02:22"]
[Board "94"]

1. e4 g6 2. d4 Bg7 3. Nc3 c6 4. Be3 d5 5. e5 Nh6 6. Qd2 Nf5 7. f4 Nxe3 8. Qxe3 Bf5 9. O-O-O h5 10. Nf3 e6 11. g3 Bg4 12. Be2 Nd7 13. h3 Bxf3 14. Bxf3 Qa5 15. g4 hxg4 16. hxg4 O-O-O 17. Kb1 c5 18. dxc5 Qxc5 19. Rd4 Rxh1+ 20. Bxh1 Rh8 21. Bf3 Nb6 22. Ne2 Nc4 23. a3 Nxe3 0-1


[Site "https://www.chess.com"]

[Event "Titled Tuesday Blitz July 11 Early 2023"]
[White "Wang2007"]
[Black "Lana Rodriguez, David"]
[BlackFideId "2270803"]
[WhiteElo "2289"]
[BlackElo "2594"]
[Result "0-1"]
[Round "4"]
[TimeControl "180+2"]
[Date "2023.07.11"]
[WhiteClock "0:00:06"]
[BlackClock "0:02:03"]
[Board "95"]

1. d4 Nf6 2. c4 e6 3. Nf3 d5 4. g3 dxc4 5. Bg2 Bd7 6. Ne5 Bc6 7. Nxc6 Nxc6 8. Qa4 Qd7 9. Qxc4 Nxd4 10. Bxb7 Rb8 11. Bg2 Bb4+ 12. Nd2 O-O 13. e3 Nf5 14. O-O Bxd2 15. Rd1 Nd6 0-1


[Site "https://www.chess.com"]

[Event "Titled Tuesday Blitz July 11 Early 2023"]
[White "Tsyhanchuk, Stanislav"]
[Black "ATM622"]
[WhiteFideId "13505130"]
[WhiteElo "2275"]
[BlackElo "2591"]
[Result "0-1"]
[Round "4"]
[TimeControl "180+2"]
[Date "2023.07.11"]
[WhiteClock "0:00:17"]
[BlackClock "0:00:24"]
[Board "96"]

1. e4 e5 2. Nf3 Nf6 3. Nxe5 d6 4. Nf3 Nxe4 5. d4 d5 6. Bd3 Nc6 7. O-O Be7 8. c3 O-O 9. Bf4 Bg4 10. h3 Bh5 11. Nbd2 f5 12. Qb3 Na5 13. Qa4 c6 14. b4 Nc4 15. Nxc4 b5 16. Qa6 bxc4 17. Bxc4 dxc4 18. Qxc4+ Qd5 19. Qd3 g5 20. Bh2 g4 21. Ne5 gxh3 22. Qxh3 Bg6 23. Rad1 a5 24. c4 Qe6 25. b5 cxb5 26. d5 Qc8 27. Nc6 Bf6 28. Be5 Qd7 29. Bxf6 Rxf6 30. cxb5 Nd6 31. a4 Re8 32. Rfe1 Ne4 33. b6 Rxc6 34. dxc6 Qxc6 35. Qb3+ Bf7 36. Qb5 Qc2 37. Qe2 Qc6 38. Qb2 Rb8 39. Rb1 Qc5 40. Rec1 Qd6 41. Rd1 Qc6 42. Qb5 Be8 43. Qxf5 Nc3 44. Qg5+ Bg6 45. Rbc1 Ne2+ 46. Kf1 Nxc1 47. Rd8+ Rxd8 48. Qxd8+ Kg7 49. Qc7+ Qxc7 50. bxc7 Bf5 51. Ke1 Nb3 52. f3 Kf7 53. g4 Bc8 54. Ke2 Nc5 55. Kd2 Nxa4 56. Kd3 Nb6 57. Kc3 a4 58. Kb4 Kf6 59. Ka5 Nd5 60. Kxa4 Nxc7 61. Kb4 Ne6 62. f4 Nxf4 63. g5+ Kxg5 64. Kc4 Bf5 65. Kc3 Kg4 66. Kd4 Kg3 67. Ke5 Bg4 68. Kf6 h5 69. Kg5 h4 70. Kh6 h3 71. Kg5 h2 72. Kf6 h1=Q 73. Kg5 Qh4# 0-1


[Site "https://www.chess.com"]

[Event "Titled Tuesday Blitz July 11 Early 2023"]
[White "Shohat, Yotam"]
[Black "Onslow, Alfie"]
[WhiteFideId "2813955"]
[BlackFideId "436976"]
[WhiteElo "2590"]
[BlackElo "2266"]
[Result "0-1"]
[Round "4"]
[TimeControl "180+2"]
[Date "2023.07.11"]
[WhiteClock "0:00:00"]
[BlackClock "0:00:05"]
[Board "97"]

1. e4 c5 2. Nf3 Nc6 3. d4 cxd4 4. Nxd4 Qc7 5. Nc3 e6 6. Be3 a6 7. Qf3 Nf6 8. O-O-O h5 9. h3 Ne5 10. Qg3 h4 11. Qh2 d6 12. f4 Nc4 13. Bxc4 Qxc4 14. e5 Nd5 15. Nxd5 Qxd5 16. Nb3 Qe4 17. Rhe1 d5 18. Bc5 Qa4 19. Bxf8 Kxf8 20. Kb1 g6 21. g4 hxg3 22. Qxg3 Qd7 23. h4 Qe7 24. Rh1 Rh5 25. Nd4 Bd7 26. Qg4 Rc8 27. Ne2 Ba4 28. b3 Bb5 29. Ng3 Rh7 30. h5 Qc5 31. Rd2 Qc3 32. Rdh2 Rg7 33. h6 Rh7 34. Qg5 Bd3 35. cxd3 Qxd3+ 36. Ka1 Qd4+ 37. Rb2 b5 38. Rb1 a5 39. a3 a4 40. b4 Qc3 41. Ka2 Qc4+ 42. Ka1 Qc3 43. Rd1 Qxa3+ 44. Kb1 Qc3 45. Ne2 Qc4 46. Rc1 Qe4+ 0-1


[Site "https://www.chess.com"]

[Event "Titled Tuesday Blitz July 11 Early 2023"]
[White "Altman, Joshua"]
[Black "La Villa Rivas, Marlon Javier"]
[WhiteFideId "426210"]
[BlackFideId "3519546"]
[WhiteElo "2590"]
[BlackElo "2242"]
[Result "1-0"]
[Round "4"]
[TimeControl "180+2"]
[Date "2023.07.11"]
[WhiteClock "0:00:12"]
[BlackClock "0:01:18"]
[Board "98"]

1. Nf3 d5 2. g3 Nf6 3. Bg2 c5 4. O-O Nc6 5. d4 e6 6. b3 cxd4 7. Nxd4 Be7 8. Bb2 O-O 9. c4 Nxd4 10. Qxd4 dxc4 11. Qxc4 a6 12. Nc3 b5 13. Qf4 Ra7 14. Rfd1 Qb6 15. Rac1 Rd7 16. Rxd7 Bxd7 17. Ne4 Nxe4 18. Bxe4 Bc5 19. Bxg7 Bxf2+ 20. Qxf2 Qxf2+ 21. Kxf2 Kxg7 22. Rc7 Rd8 23. Ra7 Bc8 24. Bd3 Rd7 25. Rxd7 Bxd7 26. Ke3 Kf6 27. Kd4 Kg5 28. Kc5 h5 29. Kd6 Be8 30. Ke7 Bc6 31. Kxf7 e5 32. e4 Kg4 33. Ke6 Kh3 34. Kxe5 Kxh2 35. Kd6 Be8 36. Ke7 Bg6 37. Kf6 Be8 38. e5 Kxg3 39. Be4 h4 40. e6 h3 41. Ke7 Bh5 42. Kf6 Kf2 43. e7 Kg1 44. Bg6 Bxg6 45. Kxg6 h2 46. e8=Q h1=Q 47. Qe1+ Kh2 48. Qxh1+ Kxh1 49. Kf5 Kg2 50. Ke5 Kf3 51. Kd5 Ke3 52. Kc5 Ke4 53. Kb6 Kd5 54. Kxa6 Kc6 55. b4 Kc7 56. Kxb5 Kb7 57. a4 1-0


[Site "https://www.chess.com"]

[Event "Titled Tuesday Blitz July 11 Early 2023"]
[White "Karttunen, Mika"]
[Black "Kev4444444444"]
[WhiteFideId "502081"]
[WhiteElo "2582"]
[BlackElo "2194"]
[Result "0-1"]
[Round "4"]
[TimeControl "180+2"]
[Date "2023.07.11"]
[WhiteClock "0:00:04"]
[BlackClock "0:00:16"]
[Board "99"]

1. c4 e5 2. Nc3 Nf6 3. Nf3 Nc6 4. e4 Bb4 5. d3 d6 6. a3 Bxc3+ 7. bxc3 O-O 8. g3 h6 9. Bg2 Be6 10. h3 Qc8 11. g4 h5 12. Ng5 hxg4 13. Be3 Ne7 14. hxg4 Bxg4 15. f3 Bd7 16. Kd2 Ng6 17. Qg1 Re8 18. Qh2 a6 19. Rag1 b5 20. c5 d5 21. exd5 Nxd5 22. Qh7+ Kf8 23. Bh3 Bxh3 24. Rxh3 Qf5 25. Rh5 Nxe3 26. Kxe3 Rad8 27. Ne4 Qf4+ 28. Ke2 Rd7 29. Rd1 Red8 30. Rh3 Qf5 31. Ke1 Qe6 32. Ng5 Qb3 33. Rg3 Qxc3+ 34. Kf2 Qc2+ 35. Ke1 Rxd3 36. Rxd3 Rxd3 37. Ne6+ fxe6 38. Qxg6 Rd1# 0-1


[Site "https://www.chess.com"]

[Event "Titled Tuesday Blitz July 11 Early 2023"]
[White "Papayan, Oleg"]
[Black "Roque Sola, Gisela"]
[WhiteFideId "4193911"]
[BlackFideId "5120241"]
[WhiteElo "2547"]
[BlackElo "2149"]
[Result "1-0"]
[Round "4"]
[TimeControl "180+2"]
[Date "2023.07.11"]
[WhiteClock "0:01:06"]
[BlackClock "0:00:22"]
[Board "100"]

1. e4 e5 2. Nf3 Nc6 3. Bc4 Bc5 4. d3 a6 5. c3 Ba7 6. O-O Nf6 7. Nbd2 d6 8. Re1 O-O 9. h3 Ne7 10. d4 Ng6 11. Nf1 Qe7 12. Ng3 Nf4 13. Nf5 Bxf5 14. exf5 Qd7 15. dxe5 dxe5 16. Qxd7 Nxd7 17. Nxe5 Nxe5 18. Rxe5 Nh5 19. g4 Nf6 20. Bg5 Nd7 21. Re7 Nb6 22. Bb3 Rac8 23. Rd1 a5 24. a4 h6 25. Bf4 Rfe8 26. Bxf7+ Kf8 27. Rxe8+ Rxe8 28. Bxe8 Kxe8 29. Be3 1-0


[Site "https://www.chess.com"]

[Event "Titled Tuesday Blitz July 11 Early 2023"]
[White "Llorente Zaro, Alfonso"]
[Black "Baruch, Liam"]
[WhiteFideId "2254131"]
[BlackFideId "14322064"]
[WhiteElo "2793"]
[BlackElo "2179"]
[Result "1-0"]
[Round "4"]
[TimeControl "180+2"]
[Date "2023.07.11"]
[WhiteClock "0:01:35"]
[BlackClock "0:00:00"]
[Board "101"]

1. e4 e5 2. Nf3 Nc6 3. d4 exd4 4. Nxd4 Bc5 5. Nb3 Bb6 6. Nc3 Nf6 7. Bb5 O-O 8. O-O d6 9. Bg5 h6 10. Bh4 Be6 11. Bxc6 bxc6 12. Nd4 g5 13. Bg3 Bd7 14. e5 dxe5 15. Bxe5 Re8 16. Re1 Bg4 17. Nf3 Qxd1 18. Raxd1 Nd7 19. Bg3 Nc5 20. Rxe8+ Rxe8 21. Re1 Rxe1+ 22. Nxe1 Bf5 23. Kf1 Kf8 24. Ke2 Ke7 25. Nd3 Nxd3 26. cxd3 Kd7 27. f3 Bd4 28. Na4 Be6 29. b3 f5 30. Bf2 Bxf2 31. Kxf2 Kd6 32. Ke3 Bd7 33. Kd4 Be8 34. g3 Bf7 35. Nc5 Bd5 36. f4 gxf4 37. gxf4 Bf3 38. Nb7+ Ke6 39. Nc5+ Kd6 40. a3 Bd5 41. b4 h5 42. h4 Bf3 43. Na4 Bd5 44. Nc3 Bf3 45. Nb1 Bd5 46. Nd2 Bg2 47. Nc4+ Kd7 48. Kc5 Bd5 49. Ne3 1-0


[Site "https://www.chess.com"]

[Event "Titled Tuesday Blitz July 11 Early 2023"]
[White "Hilary46"]
[Black "Novikov, Evgenij"]
[BlackFideId "4125380"]
[WhiteElo "2750"]
[BlackElo "2486"]
[Result "1-0"]
[Round "4"]
[TimeControl "180+2"]
[Date "2023.07.11"]
[WhiteClock "0:00:18"]
[BlackClock "0:00:22"]
[Board "102"]

1. e4 c6 2. d4 d5 3. e5 Bf5 4. c4 e6 5. Nc3 Nd7 6. Nf3 h6 7. Be3 Ne7 8. c5 Bh7 9. Bd3 Bxd3 10. Qxd3 Nf5 11. O-O Be7 12. g4 Nxe3 13. fxe3 O-O 14. Rf2 f5 15. exf6 Bxf6 16. Raf1 Qe7 17. e4 dxe4 18. Nxe4 e5 19. Nd6 exd4 20. Nxd4 Ne5 21. Qb3+ Kh7 22. Ne6 Nxg4 23. Nxf8+ Rxf8 24. Qc2+ g6 25. Re2 Bd4+ 26. Kg2 Qg5 27. Rxf8 Ne3+ 28. Kh1 Nxc2 29. Rf7+ Kg8 30. Re8# 1-0


[Site "https://www.chess.com"]

[Event "Titled Tuesday Blitz July 11 Early 2023"]
[White "Souleidis, Georgios"]
[Black "Ocelak, Jakub"]
[WhiteFideId "4206827"]
[BlackFideId "23707933"]
[WhiteElo "2604"]
[BlackElo "2469"]
[Result "1-0"]
[Round "4"]
[TimeControl "180+2"]
[Date "2023.07.11"]
[WhiteClock "0:00:04"]
[BlackClock "0:00:00"]
[Board "103"]

1. e4 e5 2. Nc3 Nf6 3. d4 exd4 4. Qxd4 Nc6 5. Qd3 Bb4 6. Bd2 O-O 7. O-O-O d6 8. Nge2 Ne5 9. Qg3 Nh5 10. Qg5 Qxg5 11. Bxg5 h6 12. Bd2 Ng4 13. Be1 Bc5 14. Nd4 c6 15. h3 Ne5 16. Na4 Nf4 17. g3 Bxd4 18. Rxd4 Nf3 19. Rxd6 Nxh3 20. Bxh3 Bxh3 21. Rxh3 Nxe1 22. g4 Ng2 23. Rb3 Rab8 24. Nc5 b6 25. Nd7 Rfd8 26. Rbd3 Nf4 27. Nf6+ gxf6 28. Rxd8+ Rxd8 29. Rxd8+ Kg7 30. Ra8 a5 31. Ra6 Kg6 32. Rxb6 Kg5 33. Rxc6 Kxg4 34. Rxf6 h5 35. Rxf7 h4 36. e5 h3 37. Rg7+ Kh4 38. Rg1 h2 39. Rh1 Kh3 40. Kd2 Kg2 41. Rxh2+ Kxh2 42. Ke3 Ne6 43. f4 Ng7 44. Ke4 Kg3 45. f5 Kg4 46. f6 Ne6 47. Kd5 Kf5 48. Kd6 Nf8 49. c4 Ng6 50. f7 Nf8 51. c5 Kg6 52. e6 1-0


[Site "https://www.chess.com"]